 Dungeon Crawl Stone Soup version 0.21-a0-621-gc60411f (webtiles) character file.

78 Amnesiac the Changer (level 4, -1/29 HPs)
             Began as an Octopode Transmuter on Dec 23, 2017.
             Slain by a goblin (2 damage)
             ... led by Robin
             ... on level 2 of the Dungeon.
             The game lasted 00:01:32 (1104 turns).

Amnesiac the Changer (Octopode Transmuter)          Turns: 1104, Time: 00:01:32

Health: -1/29      AC:  1    Str:  9    XL:     4   Next: 36%
Magic:  7/7        EV: 13    Int: 15    God:
Gold:   46         SH:  0    Dex: 13    Spells: 1/7 levels left

rFire    . . .     SeeInvis .   h - +4 spear
rCold    . . .     Gourm    .   (no shield)
rNeg     . . .     Faith    .   (helmet restricted)
rPois    .         Spirit   .   (no amulet)
rElec    .         Reflect  .   (no ring)
rCorr    .         Harm     .   (no ring)
MR       .....                  (no ring)
Stlth    ++........             (no ring)
HPRegen  0.09/turn              (no ring)
MPRegen  0.10/turn              (no ring)
                                (no ring)
                                (no ring)

@: flying
A: almost no armour, stealthy swim, amphibious, 8 rings, constrict 8, camouflage
1, gelatinous body 1
a: no special abilities


You were on level 2 of the Dungeon.
You were not hungry.

You visited 1 branch of the dungeon, and saw 2 of its levels.

You collected 46 gold pieces.

Inventory:

Hand Weapons
 h - a +4 spear (weapon)
Missiles
 a - 12 arrows
 j - 27 poisoned needles
 m - 45 stones (quivered)
Scrolls
 e - a scroll of amnesia {!r, unknown}
 g - a scroll of enchant armour {!r, unknown}
 k - 2 scrolls of identify {!r, unknown}
 l - a scroll of magic mapping {!r, unknown}
Books
 b - a book of Changes

   Spells                             Type                      Level
   a - Beastly Appendage              Transmutation                1
   b - Sticks to Snakes               Transmutation                2
   c - Spider Form                    Transmutation/Poison         3
   d - Ice Form                       Ice/Transmutation            4
   e - Blade Hands                    Transmutation                5
Comestibles
 c - 3 rations
 i - 3 chunks of flesh


   Skills:
 + Level 2.2 Fighting
 + Level 2.2 Dodging
 * Level 3.2 Unarmed Combat
 + Level 2.1 Spellcasting
 * Level 3.3 Transmutations


You had one spell level left.
You knew the following spells:

 Your Spells              Type           Power        Failure   Level  Hunger
a - Beastly Appendage     Tmut           ##....       5%          1    #......
b - Sticks to Snakes      Tmut           ##......     9%          2    ###....
c - Spider Form           Tmut/Pois      #.........   32%         3    ###....


Dungeon Overview and Level Annotations

Branches:
Dungeon (2/15)

Altars:


Innate Abilities, Weirdness & Mutations

You cannot wear most types of armour.
You are very stealthy in the water. (Stealth+)
You are amphibious.
You can wear up to eight rings at the same time.
You can use your tentacles to constrict eight enemies at once.
Your skin changes colour to match your surroundings (Stealth+).
Your rubbery body absorbs attacks. (AC +1, EV +1)


Message History

6 goblins and a hobgoblin come into view.
The goblin shouts! x2; You hear a shout!
The goblin shouts!
You hear a shout! x2
The goblin shouts!
You hear a shout!
The goblin shouts!
The hobgoblin shouts!
You hear a shout!
Attack whom?
Press: ? - help, Dir - move target cursor, f - goblin
Aim: a goblin, wielding a club You reach to attack!
You barely miss the goblin.
There are monsters nearby!
You closely miss the goblin. You grab the goblin. You constrict the goblin.
The goblin hits you with a club.
A goblin comes into view.
There are monsters nearby!
You barely miss the goblin. You squeeze the goblin.
You kill the goblin!
You completely miss the goblin. You grab the goblin. You constrict the goblin.
The goblin hits you but does no damage.
The goblin moves out of view.
Robin of the Strong Arm comes into view.
She is wielding a club.
You release your grip on the goblin.
You puncture the goblin!
You kill the goblin!
You hit the goblin.
You kill the goblin!
You hit the hobgoblin.
The hobgoblin is moderately wounded.
The hobgoblin hits you but does no damage.
You hit the hobgoblin.
You kill the hobgoblin!
You barely miss the goblin. The goblin hits you with a club.
Robin roars a battlecry!
The goblin goes into a battle-frenzy!
You closely miss the goblin. The goblin closely misses you.
Robin throws the goblin at you!
You puncture the goblin!
You kill the goblin!
The goblin hits you.
Robin says, "My army is invincible!"
You barely miss the goblin. The goblin hits you.
You hit the goblin.
You kill the goblin!
Robin throws the goblin at you! The goblin hits you with a club!
* * * LOW HITPOINT WARNING * * *
You puncture the goblin!
You kill the goblin!
Robin says, "Duck!"
You closely miss Robin. You grab Robin. You constrict Robin, but do no damage.
Robin hits you with a club.
* * * LOW HITPOINT WARNING * * *
Really quaff
f - a fuming ruby potion {!q}?
It was a potion of flight {!q}.
You feel very buoyant.
You fly up into the air.
You constrict Robin. Robin hits you but does no damage.
Really quaff
d - a golden potion {!q}?
It was a potion of magic {!q}.
Magic courses through your body.
You constrict Robin. Robin barely misses you.
You hit Robin. You squeeze Robin.
Robin is severely wounded.
You constrict Robin. Robin throws the goblin at you!
* * * LOW HITPOINT WARNING * * *
You barely miss the goblin. You constrict Robin.
You kill Robin!
The goblin hits you.
You die...

#.# #.# #.# #.#
#.# #.# #.# #.#
#.# #.# ##
#.####.####
#####g.g.
###.#.......#
#.).ggg#
....#.......# #)#
#..รท#.......# #@#
#...........# #g#
###.#.......####.#
....#.......#....#
#..##.......#.####
#..##########.##
#..#########.#.##
#...........###.#
#.##########.#..#


You could see a goblin.

Vanquished Creatures
  Robin (D:2)
  A gnoll (D:1)
  An adder (D:2)
  An ooze (D:1)
  2 worms (D:2)
  3 leopard geckos
  5 bats (D:1)
  2 giant cockroaches (D:1)
  9 goblins
  3 hobgoblins
  3 kobolds (D:1)
  A frilled lizard (D:1)
  4 rats (D:1)
36 creatures vanquished.

Notes
Turn   | Place    | Note
-------+----------+-------------------------------------------
     0 | D:1      | Amnesiac the Octopode Transmuter began the quest for the Orb.
     0 | D:1      | Reached XP level 1. HP: 13/13 MP: 3/3
   295 | D:1      | Reached XP level 2. HP: 18/18 MP: 5/5
   559 | D:1      | Reached XP level 3. HP: 21/24 MP: 6/6
   565 | D:1      | Learned a level 2 spell: Sticks to Snakes
   569 | D:1      | Learned a level 3 spell: Spider Form
  1065 | D:2      | Reached XP level 4. HP: 29/29 MP: 7/7
  1089 | D:2      | Noticed Robin
  1103 | D:2      | HP: 1/29 [Robin/goblin (3)]
  1104 | D:2      | Killed Robin
  1104 | D:2      | Slain by a goblin

Vault maps used:
D:1:      dpeg_arrival_rooms_with_view, kennysheep_boxes
D:2:      xom_redecorated, dancing_weapons_uskayaw, first_ration, uniq_jessica,
          uniq_crazy_yiuf_cottage, uniq_natasha, uniq_robin

Skill      XL: |  1  2 |
---------------+-------+-----
Fighting       | 2 |  2.2
Transmutations | 3 |  3.3
Dodging        | |  2.2
Unarmed Combat | |  3.2
Spellcasting   | |  2.1

Action                   |  1- 3 |  4- 6 || total
-------------------------+-------+-------++-------
Melee: Spear             |    55 |    17 ||    72
       Unarmed           |     2 |       ||     2
       Constrict         |    10 |     3 ||    13
       Tentacles         |     5 |     2 ||     7
       Punch             |     2 |       ||     2
Throw: Stone             |    11 |       ||    11
  Use: Potion            |       |     2 ||     2
 Stab: Sleeping          |     5 |       ||     5
  Eat: Chunk             |       |     1 ||     1
Armor: Skin              |     1 |     2 ||     3
Dodge: Dodged            |    12 |     2 ||    14

Table legend:
 A = Spawn XP
 B = Non-spawn XP
 C = Spawn XP percentage of total XP
 D = Spawn monster count
 E = Non-spawn monster count
 F = Spawn count percentage of total count
 G = Total turns spent on level
                    A         B        C        D         E        F      G
               +---------+---------+-------+---------+---------+-------+---------
         Total |       0 |     112 |   0.0 |       0 |      36 |   0.0 |  1104
               +---------+---------+-------+---------+---------+-------+---------
           D:1 |       0 |      59 |   0.0 |       0 |      24 |   0.0 |   886
           D:2 |       0 |      53 |   0.0 |       0 |      12 |   0.0 |   218
               +---------+---------+-------+---------+---------+-------+---------
